 Dungeon Crawl Stone Soup version 0.30-a0-347-gf58ed5266c (webtiles) character file.

Game seed: 13410661352723851268

12679 RascalDebosk the Thaumaturge (level 12, 0/96 HPs)
             Began as a Djinni Fire Elementalist on Nov 6, 2022.
             Was a Believer of Ashenzari.
             Slain by a two-headed ogre
             ... wielding a +2 antimagic great mace
              (11 damage)
             ... on level 9 of the Dungeon.
             The game lasted 02:17:08 (12945 turns).

RascalDebosk the Thaumaturge (DjFE)                Turns: 12945, Time: 02:17:09

Health: 0/96       AC:  8    Str:  7    XL:     12   Next: 23%
Gold:   338        EV: 14    Int: 34    God:    Ashenzari [**....] SH:  5 Dex: 18

rFire   + + .      SeeInvis +    M - +6 war axe of Ashenzari's Hedonism {holy, Fly rElec Int+4, Fort, Self} (curse)
rCold   . . .      Faith    .    (no shield)
rNeg    + . .      Spirit   .    O - +0 troll leather armour
rPois   ∞          Reflect  +    x - +0 helmet of the Fated Negation {Dex+3, Self, Cun} (curse)
rElec   +          Harm     .    o - +0 cloak
rCorr   .          Rampage  .    A - +0 pair of gloves
Will    +....                    (boots unavailable)
Stlth   ++........               N - amulet of reflection
HPRegen 1.16/turn                H - ring of Supernal Wisdom {rPois rC+ rN+ Int+3, Melee, Self} (curse)
MPRegen 0.00/turn                z - +6 ring of intelligence

@: flying
A: sickness immunity, fire resistance 2, cold vulnerability 1, float, innate
caster, HP casting, extra vitality 1
a: Renounce Religion, Shatter the Chains


You were on level 9 of the Dungeon.
You worshipped Ashenzari.
Ashenzari was pleased with you.
You visited 2 branches of the dungeon, and saw 12 of its levels.
You also visited: Sewer.

You collected 827 gold pieces.
You spent 489 gold pieces at shops.

Inventory:

Hand Weapons
 h - a +0 war axe
 s - a +0 dagger
 v - a +2 long sword of freezing
 M - the cursed +6 war axe of Ashenzari's Hedonism (weapon) {holy, Fly rElec Int+4, Fort, Self}
   (You found it on level 9 of the Dungeon)

   It has been blessed by the Shining One to cause great damage to the undead
   and demons.
   Int:       It affects your intelligence (+4).
   rElec:     It insulates you from electricity.
   Fly:       It grants you flight.
   It has a curse which improves the following skills: Fortitude: Armour and
   Shields.
   Introspection: Fighting and Spellcasting.
Missiles
 F - 5 throwing nets {@!f}
Armour
 o - a +0 cloak (worn)
 x - the cursed +0 helmet of the Fated Negation (worn) {Dex+3, Self, Cun}
   (You found it in a sewer)

   Dex:       It affects your dexterity (+3).
   It has a curse which improves the following skills: Introspection: Fighting
   and Spellcasting.
   Cunning:   Dodging and Stealth.
 A - a +0 pair of gloves (worn)
 D - a +2 robe of the Archmagi
 K - +0 acid dragon scales
 O - a +0 troll leather armour (worn)
Jewellery
 b - a ring of willpower
 z - a +6 ring of intelligence (right hand)
 H - the cursed ring of Supernal Wisdom (left hand) {rPois rC+ rN+ Int+3, Melee, Self}
   (You bought it in a shop on level 3 of the Dungeon)

   [ring of positive energy]

   Int:       It affects your intelligence (+3).
   rC:        It protects you from cold.
   rPois:     It protects you from poison.
   rN:        It protects you from negative energy.
   It has a curse which improves the following skills: Melee Combat: Short
   Blades, Long Blades, Axes, Maces & Flails, Polearms, Staves and Unarmed
   Combat.
   Introspection: Fighting and Spellcasting.
 J - a +4 ring of evasion
 N - an amulet of reflection (around neck)
Wands
 a - a wand of flame (12)
 g - a wand of mindburst (7)
 y - a wand of polymorph (7)
Scrolls
 f - 2 scrolls of fear
 i - 8 scrolls of identify
 j - 6 scrolls of vulnerability
 k - 2 scrolls of butterflies
 l - 3 scrolls of brand weapon
 t - 8 scrolls of teleportation
 u - 2 scrolls of poison
 w - a scroll of torment
 B - 4 scrolls of noise
 C - a scroll of magic mapping
 G - a scroll of immolation
 L - a scroll of acquirement
Potions
 c - 2 potions of lignification
 d - 4 potions of curing
 e - 2 potions of mutation
 m - 2 potions of heal wounds
 n - a potion of ambrosia
 p - 2 potions of cancellation
 q - 2 potions of brilliance
 r - 2 potions of resistance
 I - a potion of attraction


   Skills:
 + Level 9.8(12.3) Fighting
 - Level 5.0(6.2) Armour
 - Level 4.6(5.8) Dodging
 - Level 1.5(2.4) Stealth
 * Level 11.0(13.5) Spellcasting
 + Level 5.0 Evocations


You had 11 spell levels left.
You knew the following spells:

 Your Spells              Type           Power      Damage    Failure   Level
a - Foxfire               Conj/Fire      100%       2x1d9     0%          1
b - Scorch                Fire           100%       2d10      0%          2
c - Kindle Blastsparks    Fire/Tloc/Air  100%       2d18      1%          3
d - Inner Flame           Hex/Fire       86%        N/A       1%          3
e - Flame Wave            Conj/Fire      86%        2d18      1%          4
f - Summon Small Mammal   Summ           100%       N/A       0%          1
g - Poisonous Vapours     Pois/Air       100%       N/A       0%          2
h - Tukima's Dance        Hex            86%        N/A       1%          3
i - Mephitic Cloud        Conj/Pois/Air  86%        N/A       1%          3
j - Iskenderun's Battles  Conj           86%        2d13      1%          5
Your spell library was empty.

Dungeon Overview and Level Annotations

Branches:
Dungeon (11/15)            Temple (1/1) D:4            Lair (0/5) D:9
    Orc (0/2) D:11          Sewer (visited)

Altars:
Ashenzari
Cheibriados
Dithmenos
Elyvilon
Fedhas
Gozag
Hepliaklqana
Makhleb
Nemelex Xobeh
Okawaru
Qazlal
Ru
Trog
Uskayaw
Wu Jian
Xom
Yredelemnul
Zin
The Shining One

Shops:
D:3 =   D:9 !*(

Annotations:
D:9 1 transporter, Encipher's ghost, novice DrRe


Innate Abilities, Weirdness & Mutations

You are immune to sickness and miasma.
You are immune to poison.
Your flesh is very heat resistant. (rF++)
You are vulnerable to cold. (rC-)
You float through the air rather than walking.
You learn spells naturally, not from books.
Your magical power is your life essence.
You have superior vitality. (+4 MHP)


Message History

The two-headed ogre is moderately wounded.
The moth of wrath is engulfed in noxious fumes.
The two-headed ogre is engulfed in noxious fumes.
The two-headed ogre appears confused.
The two-headed ogre is engulfed in noxious fumes.
Encipher's ghost hits you but does no damage.
The moth of wrath is engulfed in noxious fumes.
The moth of wrath appears confused.
The moth of wrath bites something!
Casting: Foxfire (safe; 0% risk of failure)
Confirm with . or Enter, or press ? or * to list all spells.
You conjure some foxfire!
The foxfire hits Encipher's ghost.
Encipher's ghost is moderately damaged.
The foxfire hits the two-headed ogre!
The two-headed ogre is moderately wounded.
Your battlesphere fires!
The barrage of energy hits the moth of wrath.
The moth of wrath is severely wounded.
Your battlesphere expends the last of its energy and dissipates.
You block Encipher's ghost's attack.
The foxfire hits the deep troll but does no damage.
The two-headed ogre is engulfed in noxious fumes.
The moth of wrath is engulfed in noxious fumes.
Casting: Foxfire (safe; 0% risk of failure)
Confirm with . or Enter, or press ? or * to list all spells.
You conjure some foxfire!
The foxfire hits the deep troll.
The deep troll is lightly wounded.
The two-headed ogre is engulfed in noxious fumes.
The two-headed ogre appears confused.
The two-headed ogre hits the moth of wrath with a +0 giant spiked club!!
The moth of wrath is killed!
Encipher's ghost hits you but does no damage.
The two-headed ogre closely misses you. You block the two-headed ogre's attack.
The foxfire hits the orc warrior but does no damage.
The orc warrior is heavily wounded.
Casting: Foxfire (safe; 0% risk of failure)
Confirm with . or Enter, or press ? or * to list all spells.
You conjure some foxfire!
The foxfire hits the two-headed ogre!
The two-headed ogre is heavily wounded.
The deep troll misses you. x2
The deep troll claws you but does no damage.
Encipher's ghost closely misses you.
The two-headed ogre is engulfed in noxious fumes.
The two-headed ogre appears confused.
Casting: Foxfire (safe; 0% risk of failure)
Confirm with . or Enter, or press ? or * to list all spells.
Casting: Flame Wave (safe; 1% risk of failure)
Press: ? - help, Dir - look around, f - activate A wave of flame ripples out!
The flame wave engulfs Encipher's ghost.
Encipher's ghost is moderately damaged.
The flame wave engulfs your foxfire.
Your foxfire completely resists.
The flame wave engulfs the orc warrior!
You kill the orc warrior!
The flame wave engulfs the deep troll!!
The deep troll is heavily wounded.
The flame wave engulfs your foxfire.
Your foxfire completely resists. (Press . to intensify the flame waves.)
The foxfire hits the deep troll.
The deep troll is heavily wounded.
The foxfire hits Encipher's ghost.
Encipher's ghost is moderately damaged.
You block Encipher's ghost's attack. The deep troll completely misses you.
The deep troll claws you! The deep troll closely misses you.
The two-headed ogre hits you with a +0 giant club!!
The two-headed ogre misses you.
The two-headed ogre hits itself with a +0 giant club!!!
The two-headed ogre hits itself with a +0 giant club!
The two-headed ogre is killed!
Your base Spellcasting skill increases to level 11!
Your Evocations skill increases to level 5!
A wave of flame ripples out!
The flame wave engulfs Encipher's ghost!!
Encipher's ghost is severely damaged.
The flame wave engulfs the deep troll!
The deep troll is almost dead.
The flame wave engulfs the two-headed ogre!!
The two-headed ogre is heavily wounded.
* * * LOW HITPOINT WARNING * * *
Encipher's ghost hits you!!
* * * LOW HITPOINT WARNING * * *
The deep troll bites you!
* * * LOW HITPOINT WARNING * * *
The deep troll barely misses you. The deep troll closely misses you.
The two-headed ogre is engulfed in noxious fumes.
The two-headed ogre asks, "Where am I?"
A wave of flame ripples out!
The flame wave engulfs Encipher's ghost!!
Encipher's ghost is almost destroyed.
The flame wave engulfs the two-headed ogre!!
The two-headed ogre is almost dead.
The flame wave engulfs the deep troll!!
You kill the deep troll!
The flame wave engulfs the two-headed ogre!!
The two-headed ogre is heavily wounded.
* * * LOW HITPOINT WARNING * * *
You finish channelling waves of flame.
The two-headed ogre misses you.
The two-headed ogre hits you with a +2 great mace of flaming!
You die...

#...###y..###...##.#._.§..
##..###......##..##.#.....#
#...####....###...#.#######
#..##.#≈#..##.##..#.#
#..#O.##°=?≈#..#..#.#
#..#o...._O##.©#..#.#
#..#O..#.......#.)..#
#..##W.#§#O...##..###
#...#..##.@).$#...#
##..###.#W...##..##
#...###.©.###...#
##....#####....## ###
######....©....#### #<#
#.................# #.#
#>###############.# #.# ###
#.# ###.# #.# #...#


You could see 2 two-headed ogres and Encipher's ghost.

Vanquished Creatures
  Harold (D:11)
  2 two-headed ogres
  A deep troll (D:9)
  An ugly thing (D:11)
  The ghost of bakla the Thaumaturge, a novice DEEE (D:5)
  A moth of wrath (D:9)
  A gargoyle (D:11)
  2 kobold demonologists
  A troll (D:11)
  Prince Ribbit (D:6)
  A hornet (D:10)
  9 yaks
  2 shadows (D:11)
  A vampire (D:11)
  A wyvern (D:10)
  A basilisk (D:8)
  2 wraiths
  An acid dragon (D:8)
  Pargi (D:4)
  A water moccasin (D:7)
  4 orc warriors
  4 ice beasts
  2 black bears
  An ogre (D:6)
  9 centaurs
  A kobold brigand (D:11)
  4 bullfrogs
  A necrophage (D:5)
  7 scorpions
  A wyvern zombie (D:8)
  9 wights
  14 killer bees (D:9)
  A vampire bat (D:8)
  A howler monkey (D:9)
  9 orc priests
  2 hounds
  5 jellies
  5 iguanas
  3 gnoll boudas
  8 orc wizards
  Natasha (thrice) (D:3)
  A howler monkey zombie (D:8)
  15 gnolls
  16 adders
  A river rat (D:3)
  A shadow imp (D:6)
  3 white imps
  An ufetubus (D:5)
  2 worms
  4 dart slugs
  25 orcs
  5 ball pythons
  18 endoplasms
  11 giant cockroaches
  4 goblins
  8 hobgoblins
  2 jackals (D:5)
  13 quokkas
  12 bats
  11 frilled lizards
  10 kobolds
  9 rats
298 creatures vanquished.

Vanquished Creatures (collateral kills)
  An orc warrior (D:8)
  3 centaurs (D:11)
  A kobold brigand (D:11)
  2 wights (D:10)
  An orc priest (D:11)
  An orc wizard (D:6)
  2 orcs
  An endoplasm (Sewer)
12 creatures vanquished.

Vanquished Creatures (others)
  A dancing weapon (D:11)
  An orc wizard (D:9)
  236 foxfires
238 creatures vanquished.

Grand Total: 548 creatures vanquished

Notes
Turn   | Place    | Note
-------+----------+-------------------------------------------
     0 | D:1      | RascalDebosk the Djinni Fire Elementalist began the quest
                  | for the Orb.
     0 | D:1      | RascalDebosk set off with the following spells memorised:
                  | Foxfire, Scorch, Kindle Blastsparks, Inner Flame, Flame
                  | Wave.
     0 | D:1      | Reached XP level 1. HP: 15/15 MP: 0/0
    83 | D:1      | Reached skill level 1 in Fighting
    83 | D:1      | Reached XP level 2. HP: 19/22 MP: 0/0
   191 | D:1      | Reached XP level 3. HP: 25/27 MP: 0/0
   191 | D:1      | Learned a level 1 spell: Summon Small Mammal
   206 | D:1      | Reached skill level 3 in Spellcasting
   878 | D:2      | Reached XP level 4. HP: 17/33 MP: 0/0
  2004 | D:3      | Reached XP level 5. HP: 20/38 MP: 0/0
  2004 | D:3      | Learned a level 2 spell: Poisonous Vapours
  2036 | D:3      | Found Ybeaf's Jewellery Boutique.
  2328 | D:3      | Noticed Natasha
  2333 | D:3      | Killed Natasha
  2565 | D:3      | Found a glowing drain.
  2566 | D:3      | Noticed Natasha
  2578 | D:3      | Killed Natasha
  2579 | D:3      | Reached skill level 4 in Spellcasting
  2592 | Sewer    | Entered a sewer
  2618 | Sewer    | Reached XP level 6. HP: 18/45 MP: 0/0
  2934 | Sewer    | Reached XP level 7. HP: 14/50 MP: 0/0
  2934 | Sewer    | Learned a level 3 spell: Tukima's Dance
  3073 | Sewer    | Identified the +0 helmet of Ejegig Ostrup {Dex+3}
  3256 | D:3      | Noticed Natasha
  3260 | D:3      | Killed Natasha
  3278 | D:4      | Noticed Pargi
  3287 | D:4      | Killed Pargi
  3288 | D:4      | Reached skill level 5 in Spellcasting
  3391 | D:4      | Found a staircase to the Ecumenical Temple.
  3415 | Temple   | Entered the Ecumenical Temple
  4293 | D:5      | Entered Level 5 of the Dungeon
  4543 | D:5      | Reached XP level 8. HP: 54/58 MP: 0/0
  4577 | D:5      | Found a broken altar of Ashenzari.
  4585 | D:5      | Became a worshipper of Ashenzari the Shackled
  4621 | D:5      | Reached skill level 6 in Spellcasting
  4661 | D:5      | Reached skill level 5 in Fighting
  4982 | D:5      | Reached skill level 1 in Armour
  5187 | D:5      | Found a runed translucent gate.
  5187 | D:5      | Found a runed translucent gate.
  5187 | D:5      | Found a runed translucent gate.
  5190 | D:5      | Noticed bakla's ghost (novice DEEE)
  5281 | D:5      | Found a sacrificial altar of Ru.
  5402 | D:5      | Identified the +9 quarterstaff of the Girdle {freeze, SInv}
  5884 | D:6      | Reached XP level 9. HP: 50/66 MP: 0/0
  5884 | D:6      | Learned a level 3 spell: Mephitic Cloud
  5972 | D:6      | Reached skill level 7 in Spellcasting
  6212 | D:6      | Found a white marble altar of Elyvilon.
  6278 | D:6      | Noticed Prince Ribbit
  6283 | D:6      | Killed Prince Ribbit
  6351 | D:6      | Found a hide-covered altar of Uskayaw.
  6457 | D:6      | Found a glowing silver altar of Zin.
  6457 | D:6      | Found a shimmering altar of Xom.
  6472 | D:6      | Found an iron altar of Okawaru.
  6757 | D:6      | Found an ornate altar of the Wu Jian Council.
  6965 | D:7      | Found a burning altar of Makhleb.
  7534 | D:7      | Reached skill level 8 in Spellcasting
  7545 | D:7      | Reached XP level 10. HP: 56/75 MP: 0/0
  7853 | D:8      | Reached skill level 5 in Armour
  8353 | D:3      | Bought the ring of Peusieng {rPois rC+ rN+ Int+3} for 489
                  | gold pieces
  9134 | D:8      | Reached skill level 9 in Spellcasting
  9193 | D:8      | Found a basalt altar of Yredelemnul.
  9393 | D:9      | Found Hodo's Antique Weapon Shop.
  9419 | D:9      | HP: 3/76 [killer bee (7)]
  9432 | D:9      | Found a stormy altar of Qazlal.
  9743 | D:9      | Identified the +6 war axe of the Blessed Realm {holy, Fly
                  | rElec Int+4}
  9805 | D:9      | Found Poczisee's Distillery.
  9814 | D:9      | Found Fureefan's General Store.
  9861 | D:9      | Found a bloodstained altar of Trog.
 10050 | D:9      | Reached XP level 11. HP: 73/82 MP: 0/0
 10050 | D:9      | Learned a level 5 spell: Iskenderun's Battlesphere
 10081 | D:9      | Found a transporter.
 10086 | D:9      | Found a bloodstained altar of Trog.
 10086 | D:9      | Noticed a two-headed ogre
 10087 | D:9      | Noticed Encipher's ghost (novice DrRe)
 10094 | D:9      | Found a transporter.
 10094 | D:9      | Noticed a deep troll
 10095 | D:9      | Noticed a moth of wrath
 10095 | D:9      | Noticed a two-headed ogre
 10096 | D:9      | Noticed a two-headed ogre
 10146 | D:9      | Found a staircase to the Lair.
 10596 | D:10     | Entered Level 10 of the Dungeon
 10610 | D:10     | Reached skill level 1 in Evocations
 11011 | D:10     | Found a hazy altar of Hepliaklqana.
 11078 | D:10     | Found a snail-covered altar of Cheibriados.
 11160 | D:10     | Reached skill level 10 in Spellcasting
 11442 | D:10     | Found a glowing golden altar of the Shining One.
 11523 | D:11     | Noticed a brown ugly thing
 11529 | D:11     | Killed a brown ugly thing
 11831 | D:11     | Reached * piety under Ashenzari
 11831 | D:11     | Identified a scroll of acquirement
 11928 | D:11     | Found a glowing silver altar of Zin.
 12110 | D:11     | Found a staircase to the Orcish Mines.
 12216 | D:11     | Reached ** piety under Ashenzari
 12249 | D:11     | Noticed Harold
 12266 | D:11     | Killed Harold
 12281 | D:11     | Noticed a two-headed ogre
 12284 | D:11     | Killed a two-headed ogre
 12285 | D:11     | Reached XP level 12. HP: 72/95 MP: 0/0
 12706 | D:5      | Killed bakla's ghost
 12943 | D:9      | Killed a two-headed ogre
 12944 | D:9      | Reached skill level 11 in Spellcasting
 12944 | D:9      | Reached skill level 5 in Evocations
 12945 | D:9      | Killed a deep troll
 12945 | D:9      | Slain by a two-headed ogre

Illustrated notes

Levels and vault maps discovered:
D:1:      scummos_arrival_forest, layout_rooms, bh_walls_and_bars
D:2:      minmay_chambers_of_twos, layout_loops_corners,
          minmay_misc_feat_enclosed, amcnicky_mini_rare_corridor_liquid,
          hex_large, kennysheep_generic_room_6
D:3:      layout_rooms, portal_sewer_entry_b, serial_shops, shop, uniq_natasha
D:4:      layout_basic, temple_fountains, uniq_pargi
D:5:      layout_loops_corners, nicolae_ru_awakened_eye,
          nicolae_overflow_crystal_walls, ebering_ghost_rock_garden,
          hangedman_decor_slide_cut, minmay_starry_boxes
D:6:      layout_loops_ring, mainiacjoe_overflow_six_doors_small,
          mainiacjoe_overflow_concentric_impassable,
          mainiacjoe_overflow_catwalk, mainiacjoe_overflow_alcove_4,
          grunt_temple_overflow_open, minmay_between, uniq_prince_ribbit1
D:7:      layout_loops_ring, mainiacjoe_overflow_alcove_2,
          ebering_dispersal_statue_hall
D:8:      layout_cave_pods, lemuel_zombie_altar_yredelemnul, roderic_batcave,
          amcnicky_mini_pool_small
D:9:      minmay_evil_eye, layout_basic, trog_book, grunt_qazlal_clouds,
          lair_entry_dummy, serial_shops, nicolae_shop_window_shopping,
          shop_statue, nicolae_shop_crystal, gammafunk_ghost_wrathful_warriors,
          hex_tiny
D:10:     layout_roguey, kennysheep_mini, mainiacjoe_overflow_catch_the_wave,
          minivault_16
D:11:     layout_loops_ring, david_orc_3, zin_scriptorium, uniq_harold
Temple:   nicolae_temple_superstar

Skill      XL: |  1  2  3  4  5  6  7  8  9 10 11 12 |
---------------+-------------------------------------+-----
Fighting       | 1 2 3 4 5 6 8 9 |  9.8
Spellcasting   | 3 4 5 6 8 9 10 11 | 11.0
Armour         | 2 4 5 |  5.0
Dodging        | 4 |  4.6
Evocations     | 4 5 |  5.0
Stealth        | |  1.5

Action                   |  1- 3 |  4- 6 |  7- 9 | 10-12 || total
-------------------------+-------+-------+-------+-------++-------
Melee: Long sword        |       |     1 |    12 |     2 ||    15
       War axe           |       |       |       |     4 ||     4
 Cast: Foxfire           |    37 |    34 |    15 |    58 ||   144
       Kindle Blastspark |    13 |     4 |    18 |    12 ||    47
       Scorch            |     7 |    54 |    90 |   114 ||   265
       Inner Flame       |     2 |       |     5 |    17 ||    24
       Poisonous Vapours |       |     8 |    50 |    34 ||    92
       Summon Small Mamm |       |     3 |     5 |     1 ||     9
       Tukima's Dance    |       |       |     8 |    24 ||    32
       Flame Wave        |       |       |     3 |     5 ||     8
       Mephitic Cloud    |       |       |     6 |    11 ||    17
       Iskenderun's Batt |       |       |       |     5 ||     5
Invok: Curse Item        |       |       |     1 |     2 ||     3
  Use: Scroll            |       |       |    20 |     4 ||    24
       Potion            |       |       |       |     1 ||     1
 Stab: Sleeping          |       |       |     1 |       ||     1
Armor: Robe              |     4 |     3 |    11 |     5 ||    23
       Acid dragon scale |       |       |       |    14 ||    14
       Troll leather arm |       |       |       |    12 ||    12
Dodge: Dodged            |    10 |    16 |    37 |    81 ||   144
Block: Other             |       |       |       |    21 ||    21
       Reflection        |       |       |       |     5 ||     5

Table legend: (Time is in decaauts)
 A = Elapsed time spent in this place.
 B = Non-inter-level travel time spent in this place.
 C = Inter-level travel time spent in this place.
 D = Time resting spent in this place.
 E = Time spent auto-exploring this place.
 F = Levels seen in this place.
 G = Mean time per level.
                   A        B        C        D        E       F      G
               +--------+--------+--------+--------+--------+-----+--------+
         Total |  12957 |  12079 |    878 |   1501 |   7905 |  13 |  996.7 |
       Dungeon |  12211 |  11333 |    878 |   1213 |   7689 |  11 | 1110.1 |
        Temple |    124 |    124 |      0 |      0 |     96 |   1 |  124.0 |
         Sewer |    621 |    621 |      0 |    288 |    120 |   1 |  621.0 |
               +--------+--------+--------+--------+--------+-----+--------+

Top non-repeatable levels by time:
     D:5: 1518 daAuts
     D:8: 1359 daAuts
     D:9: 1341 daAuts
     D:6: 1301 daAuts
     D:2: 1206 daAuts
     D:7: 1091 daAuts
    D:11: 1072 daAuts
     D:4: 927 daAuts
    D:10: 898 daAuts
     D:1: 777 daAuts
     D:3: 717 daAuts
   Sewer: 621 daAuts
  Temple: 124 daAuts
